 Dungeon Crawl Stone Soup version 0.28.0-53-g5a82cb258f (webtiles) character file.

Game seed: 3493284151923212529

263 safid the Digger (level 6, -3/37 HPs)
             Began as a Gargoyle Earth Elementalist on Sept 4, 2022.
             Was an Initiate of Vehumet.
             Slain by a kobold brigand
             ... wielding a +0 short sword
              (8 damage)
             ... on level 7 of the Dungeon.
             The game lasted 00:03:57 (4893 turns).

safid the Digger (Gargoyle Earth Elementalist)      Turns: 4893, Time: 00:03:57

Health: -3/37      AC:  7    Str: 12    XL:     6   Next: 19%
Magic:  8/11       EV: 12    Int: 23    God:    Vehumet [......]
Gold:   154        SH:  0    Dex: 10    Spells: 7/11 levels left

rFire   . . .      SeeInvis .   k - +6 mace of the Lost Nightcaps {drain, Int+6 Stlth-}
rCold   . . .      Faith    .   (no shield)
rNeg    + + .      Spirit   .   b - +0 robe
rPois   ∞          Reflect  .   (no helmet)
rElec   +          Harm     .   (no cloak)
rCorr   .          Rampage  .   (no gloves)
Will    .....                   l - +0 pair of boots
Stlth   +.........              (no amulet)
HPRegen 0.12/turn               d - ring of positive energy
MPRegen 0.12/turn               (no ring)

@: hasted, very quick
A: sickness immunity, AC +4, negative energy resistance 1, electricity
resistance, torment resistance 1, petrification resistance
a: Renounce Religion


You were on level 7 of the Dungeon.
You worshipped Vehumet.
Vehumet was noncommittal.
You visited 2 branches of the dungeon, and saw 6 of its levels.

You collected 154 gold pieces.

Inventory:

Hand Weapons
 k - the +6 mace of the Lost Nightcaps (weapon) {drain, Int+6 Stlth-}
   (You found it on level 3 of the Dungeon)

   A truly terrible weapon, it drains the life of any living foe it strikes.
   Int:       It affects your intelligence (+6).
   Stlth:     It makes you less stealthy.
Missiles
 c - 121 stones
Armour
 b - a +0 robe (worn)
 l - a +0 pair of boots (worn)
Jewellery
 d - a ring of positive energy (left hand)
 n - a +4 ring of evasion
Wands
 a - a wand of acid (7)
 m - a wand of iceblast (6)
Scrolls
 e - 2 scrolls of teleportation {unknown}
 h - a scroll of enchant weapon {unknown}
 i - a scroll of identify {unknown}
 j - a scroll of fog {unknown}
 p - a scroll of fear {unknown}
 q - a scroll of magic mapping {unknown}
Potions
 g - a potion of attraction {unknown}
 o - a potion of resistance {unknown}


   Skills:
 + Level 3.2 Fighting
 - Level 2.0 Dodging
 - Level 2.1 Stealth
 + Level 3.4 Spellcasting
 + Level 1.4 Conjurations
 - Level 1.0 Transmutations
 + Level 5.2 Earth Magic


You had 7 spell levels left.
You knew the following spells:

 Your Spells              Type           Power      Damage    Failure   Level
a - Sandblast             Erth           56%        2d13      1%          1
b - Stone Arrow           Conj/Erth      38%        3d9       9%          3

Your spell library contained the following spells:

 Spells                   Type           Power      Damage    Failure   Level
 Passwall                 Tmut/Erth      15%        N/A       4%          2
 Shock                    Conj/Air       28%        1d4       9%          1
 Wereblood                Tmut           8%         N/A       11%         2
 Static Discharge         Conj/Air       7%         N/A       12%         2
 Petrify                  Tmut/Erth      18%        N/A       30%         4
 Swiftness                Air            3%         N/A       32%         3
 Airstrike                Air            1%         N/A       73%         4
 Lightning Bolt           Conj/Air       3%         1d15      92%         5
 Summon Hydra             Summ           1%         N/A       100%        7
 Maxwell's Capacitive Co  Air            1%         ∞         100%        8
 Sublimation of Blood     Necr           Unusable   N/A       N/A         2

Dungeon Overview and Level Annotations

Branches:
Dungeon (4/15)             Temple (1/1) D:4

Altars:
Ashenzari
Cheibriados
Elyvilon
Fedhas
Hepliaklqana
Kikubaaqudgha
Makhleb
Nemelex Xobeh
Qazlal
Ru
Sif Muna
Trog
Uskayaw
Vehumet
Xom
Yredelemnul
The Shining One


Innate Abilities, Weirdness & Mutations

You are immune to sickness and miasma.
Your stone body is resilient. (AC +4)
You are immune to poison.
You resist negative energy. (rN+)
You are resistant to electric shocks. (rElec)
You are resistant to unholy torment.
You are immune to petrification.


Message History

The kobold brigand hits you but does no damage.
The kobold throws a stone.
The stone barely misses you. The kobold hits you but does no damage.
Your Fighting skill increases to level 3!
Your Conjurations skill increases to level 1!
You have reached level 6!
You sock the kobold!
You kill the kobold!
Vehumet accepts your kill.
You hear a splash.
The kobold brigand splashes around in the water.
The electric eel shoots out a bolt of lightning at you!
The bolt of electricity hits you. You resist.
* * * LOW HITPOINT WARNING * * *
An orc wizard comes into view. It is wielding a +0 dagger.
The orc wizard shouts!
You sock the kobold brigand!
The kobold brigand is moderately wounded.
You hear a shout!
The kobold brigand hits you with a +0 short sword.
* * * LOW HITPOINT WARNING * * *
The electric eel shoots out a bolt of lightning at you!
The bolt of electricity misses you.
The kobold brigand splashes around in the water.
You open the large door.
The kobold brigand hits you with a +0 short sword.
* * * LOW HITPOINT WARNING * * *
There is a large open door here.
The kobold brigand throws a poisoned dart.
The poisoned dart barely misses you.
It was a potion of haste.
You feel yourself speed up.
Casting: Sandblast (safe; 1% risk of failure)
Confirm with . or Enter, or press ? or * to list all spells.
Aiming: Sandblast (safe; 1% risk of failure)
Press: ? - help, Shift-Dir - straight line, f - kobold brigand
Aim: a kobold brigand, wielding a +0 short sword and quivering poisoned darts (moderately wounded, 76% to hit)
The blast of sand hits the kobold brigand!
The kobold brigand is heavily wounded.
The kobold brigand hits you with a +0 short sword!
You die...

...≈≈# ≈≈....≈≈##
≈≈.....≈≈## .
≈≈......≈≈# ..
≈≈≈......≈# ...
≈≈♣≈.....≈### ....
≈≈≈≈≈≈o≈..'.# .....
≈≈≈≈≈≈≈S..'.###......
♣≈.....≈#oK@...#
≈≈≈......≈######.#
≈≈......≈≈#
≈≈.....≈≈##
≈≈....≈≈## ≈≈...≈≈##
....≈≈# ≈≈≈≈≈#


You could see an orc warrior, a kobold brigand, an electric eel and an orc
wizard.

Vanquished Creatures
  A bullfrog (D:7)
  A water moccasin zombie (D:3)
  An electric eel (D:7)
  3 adders
  A worm (D:2)
  2 dart slugs
  An orc (D:2)
  4 endoplasms
  5 giant cockroaches
  8 goblins
  7 hobgoblins
  5 jackals
  2 quokkas
  6 ball pythons
  3 bats
  7 frilled lizards
  12 kobolds
  6 rats
75 creatures vanquished.

Vanquished Creatures (others)
  9 plants
9 creatures vanquished.

Grand Total: 84 creatures vanquished

Notes
Turn   | Place    | Note
-------+----------+-------------------------------------------
     0 | D:1      | safid the Gargoyle Earth Elementalist began the quest for
                  | the Orb.
     0 | D:1      | Reached XP level 1. HP: 10/10 MP: 3/3
   311 | D:1      | Reached skill level 1 in Transmutations
   311 | D:1      | Reached XP level 2. HP: 8/16 MP: 3/5
  1128 | D:1      | Reached skill level 1 in Fighting
  1363 | D:1      | Reached skill level 4 in Earth Magic
  1365 | D:1      | Reached XP level 3. HP: 20/20 MP: 6/6
  2992 | D:2      | Reached XP level 4. HP: 12/26 MP: 6/8
  3275 | D:2      | Found a stormy altar of Qazlal.
  3647 | D:3      | Found a burning altar of Makhleb.
  3668 | D:3      | Identified the +6 mace of the Lost Nightcaps {drain, Int+6
                  | Stlth-}
  3716 | D:3      | Found a sacrificial altar of Ru.
  4017 | D:3      | Reached XP level 5. HP: 18/31 MP: 9/9
  4077 | D:3      | Learned a level 3 spell: Stone Arrow
  4482 | D:3      | Found a white marble altar of Elyvilon.
  4597 | D:4      | Found a staircase to the Ecumenical Temple.
  4614 | Temple   | Entered the Ecumenical Temple
  4663 | Temple   | Became a worshipper of Vehumet
  4851 | D:4      | Found a sparkling altar of Nemelex Xobeh.
  4874 | D:4      | You fall into a shaft and drop 3 floors!
  4875 | D:7      | Noticed a kobold brigand
  4879 | D:7      | Reached skill level 5 in Earth Magic
  4880 | D:7      | Noticed an orc warrior
  4883 | D:7      | Reached skill level 1 in Conjurations
  4883 | D:7      | Reached XP level 6. HP: 14/37 MP: 8/11
  4893 | D:7      | Slain by a kobold brigand

Illustrated notes

Levels and vault maps discovered:
D:1:      wheals_arrival_linesprint, layout_basic, lexackson_kobold_supper
D:2:      layout_rooms, basic_altar
D:3:      layout_basic, bloody_makhleb, nicolae_ru_path_of_blood,
          nicolae_elyvilon_temple_path, chequers_serial_rivers_micro_b
D:4:      layout_loops_ring, mainiacjoe_overflow_six_doors_small,
          lemuel_doored_altar, minmay_temple_entry_overgrown,
          chequers_decorated_corner, goddamned_bats, uniq_edmund
D:7:      cheibrodos_shockbox, layout_loops_ring, nicolae_ossuary_entry_plus,
          minmay_misc_feat_tower, kennysheep_cross_room
Temple:   dshaligram_water_room_temple

Skill      XL: |  1  2  3  4  5 |
---------------+----------------+-----
Transmutations | 1 |  1.0
Fighting       | 1 2 3 |  3.2
Earth Magic    | 4 5 |  5.2
Dodging        | 2 |  2.0
Spellcasting   | 3 |  3.4
Conjurations   | 1 |  1.4
Stealth        | |  2.1

Action                   |  1- 3 |  4- 6 || total
-------------------------+-------+-------++-------
Melee: Dagger            |   134 |       ||   134
       Unarmed           |     6 |       ||     6
       Short sword       |    23 |    34 ||    57
       Punch             |     1 |       ||     1
       Mace              |       |    54 ||    54
 Cast: Sandblast         |    22 |     4 ||    26
  Use: Potion            |       |     1 ||     1
 Stab: Sleeping          |     2 |     3 ||     5
Armor: Robe              |    69 |    28 ||    97
Dodge: Dodged            |   121 |    59 ||   180
